AoeStats
← l Exhiom l

MegaRandom

509122822Analyzed
2v2 RM · 6d ago on Sep 25, 2026· 39m 33s· 4 players
Game mode
Random Map
Map size
Medium (4 player)
Population
200
Speed
Normal
Resources
Standard
Victory
Conquest
Starting age
Dark Age
Ending age
Imperial Age
RankedLock teamsTeams togetherTeam positionsShared explorationLock speedFull tech treeHidden civsTurbo modeCheats
Victory
Defeat
🇧🇷 Vikings · Brazil
891
+15
🇪🇸 Wu · Spain
857
+17
🇩🇪 Mongols · Germany
877
-16
🇩🇪 Turks · Germany
864
-16
Benninator
9:34 Loom
17:57 Feudal Age
18:42 Horse Collar
18:51 Double-Bit Axe
21:45 Forging
22:31 Scale Barding Armor
23:16 Bloodlines
29:15 Castle Age
31:17 Chain Barding Armor
32:36 Iron Casting
37:50 Wheelbarrow
38:32 Bow Saw
38:26 Fletching
38:37 Padded Archer Armor
osmanaktas6858
6:17 Loom
16:03 Feudal Age
18:20 Double-Bit Axe
21:17 Fletching
31:31 Castle Age
31:02 Padded Archer Armor
34:16 Thumb Ring
34:40 Bow Saw
35:34 Bodkin Arrow
l Exhiom l
4:19 Loom
15:58 Feudal Age
17:26 Horse Collar
17:33 Double-Bit Axe
21:23 Scale Mail Armor
21:33 Forging
26:08 Castle Age
28:41 Pikeman
29:21 Squires
29:39 Elite Skirmisher
29:40 Crossbowman
31:38 Iron Casting
32:45 Town Watch
33:25 Fletching
35:14 Wheelbarrow
Sir Tom the Tall
7:57 Loom
14:36 Feudal Age
15:13 Double-Bit Axe
15:22 Gold Mining
20:36 Man-at-Arms
21:02 Arson
21:42 Horse Collar
25:35 Padded Archer Armor
25:35 Scale Mail Armor
25:46 Forging
29:46 Castle Age
30:45 Heavy Plow
30:59 Bow Saw
30:25 Pikeman
30:28 Crossbowman
31:11 Squires
35:04 Gold Shaft Mining
37:46 Imperial Age
37:11 Fervor
39:38 Two-Man Saw
39:11 Crop Rotation
39:08 Conscription
38:41 Capped Ram
Connection lost

Rejoining the realm…

Still unreachable

The connection could not be restored.

Session expired

The server has moved on; the page needs a fresh start.